 Dungeon Crawl Stone Soup version 0.27.1 (webtiles) character file.

Game seed: 5836961553366886986

10 ABBCCCDDDD the Sneak (level 2, -4/19 HPs)
             Began as an Octopode Wanderer on Aug 30, 2021.
             Slain by a kobold (13 damage)
             ... on level 1 of the Dungeon.
             The game lasted 00:02:33 (771 turns).

ABBCCCDDDD the Sneak (Octopode Wanderer)             Turns: 771, Time: 00:02:33

Health: -4/19      AC:  1    Str:  9    XL:     2   Next: 20%
Magic:  3/3        EV: 12    Int: 16    God:
Gold:   0          SH:  0    Dex: 11    Spells: 3/3 levels left

rFire    . . .     SeeInvis .   a - +2 quarterstaff
rCold    . . .     Faith    .   (shield currently unavailable)
rNeg     . . .     Spirit   .   (helmet restricted)
rPois    .         Reflect  .   (no amulet)
rElec    .         Harm     .   (no ring)
rCorr    .         Rampage  .   (no ring)
Will     .....                  (no ring)
Stlth    +++.......             (no ring)
HPRegen  0.06/turn              (no ring)
MPRegen  0.08/turn              (no ring)
                                (no ring)
                                (no ring)

@: no status effects
A: almost no armour, amphibious, 8 rings, camouflage 1, gelatinous body 1,
(nimble swimmer 1), tentacles
a: no special abilities


You were on level 1 of the Dungeon.
You visited 1 branch of the dungeon, and saw 1 of its levels.

Inventory:

Hand Weapons
 a - a +2 quarterstaff (weapon)
 b - a +0 short sword
 d - a +0 dagger
Potions
 c - 2 potions of lignification
 e - a potion of mutation {unknown}


   Skills:
 + Level 2.2 Fighting
 - Level 2.0 Staves
 - Level 1.0 Throwing
 + Level 0.8 Dodging
 + Level 3.2 Stealth
 - Level 1.0 Spellcasting
 - Level 1.0 Ice Magic
 - Level 1.2 Poison Magic


You had 3 spell levels left.
You didn't know any spells.
Your spell library contained the following spells:

 Spells                   Type           Power      Damage    Failure   Level
 Freeze                   Ice            16%        1d4       16%         1
 Frozen Ramparts          Ice            8%         1d2       41%         3
 Hailstorm                Conj/Ice       2%         3d3       88%         4


Dungeon Overview and Level Annotations

Branches:
Dungeon (1/15)

Altars:


Innate Abilities, Weirdness & Mutations

You cannot wear most types of armour.
You are amphibious.
You can wear up to eight rings at the same time.
Your skin changes colour to match your surroundings (Stealth+).
Your rubbery body absorbs attacks. (AC +1, EV +1)
((You are camouflaged near water. (Stealth+)))
You have tentacles for arms and can constrict up to eight enemies at once.


Message History

You kill the rat!
You start waiting.
Done waiting.
You see here a rat corpse.
Found a potion of lignification.
c - 2 potions of lignification (gained 1)
e - a metallic red potion
Found a book of Frost.
A rat comes into view.
You see here a book of Frost.
You pick up a book of Frost and begin reading...
You add the spells Freeze, Frozen Ramparts and Hailstorm to your library.
Found a cloak.
A jackal comes into view.
Found a scroll labelled JOG NAXEAQUTEIXZOFF.
The helpless rat fails to defend itself.
You sock the rat!
You kill the rat!
You see here a +0 cloak.
f - a +0 cloak You aren't carrying any wearable armour.
Drop what? 6/52 slots (_ for help) (? for menu, Esc to quit)
You drop a +0 cloak.
Found a stone staircase leading down.
You see here a rat corpse.
A kobold comes into view.
It is wielding a +3 short sword of electrocution.
The kobold shouts!
A ball python comes into view.
The ball python hisses angrily.
The ball python bites you. The ball python misses you.
You barely miss the ball python. You grab the ball python.
You squeeze the ball python.
You kill the ball python!
You completely miss the kobold. Your grab misses the kobold.
The kobold hits you with a +3 short sword of electrocution!
You closely miss the kobold. You grab the kobold. You constrict the kobold.
The kobold hits you with a +3 short sword of electrocution.
You are electrocuted!
Ouch! That really hurt!
You die...

### #.. ##### #.# ....#
### #.# ###.#####.# #K#
#.#.....## #.# #
#.#.##...# #.#.###
#.#†##...#########.....#
#.#.##...##...@K.......#
#.#.###......######....#
###.#.# #......# ....#
......###......# ....#
###....##......# ..###
....##.###.....# #.#
....##.###.....# .#
....##..##.....#
....###.##.....####


You could see a kobold.

Levels and vault maps discovered:
D:1:      kilobyte_arrival_exit_the_forest, layout_basic,
          hellmonk_ecumenical_altar_defaced_shrine, minmay_worlds_worst_comb

Notes
Turn   | Place    | Note
-------+----------+-------------------------------------------
     0 | D:1      | ABBCCCDDDD the Octopode Wanderer began the quest for the
                  | Orb.
     0 | D:1      | ABBCCCDDDD set off with the following items: a +2
                  | quarterstaff, a +0 short sword, a potion of lignification,
                  | a +0 dagger
     0 | D:1      | Reached XP level 1. HP: 14/14 MP: 2/2
   336 | D:1      | Reached skill level 3 in Stealth
   464 | D:1      | Reached XP level 2. HP: 17/19 MP: 3/3
   771 | D:1      | Slain by a kobold

Table legend: (Time is in decaauts)
 A = Elapsed time spent in this place.
 B = Non-inter-level travel time spent in this place.
 C = Inter-level travel time spent in this place.
 D = Time resting spent in this place.
 E = Time spent auto-exploring this place.
 F = Levels seen in this place.
 G = Mean time per level.
                   A        B        C        D        E       F      G
               +--------+--------+--------+--------+--------+-----+--------+
         Total |    774 |    774 |      0 |    295 |    250 |   1 |  774.0 |
       Dungeon |    774 |    774 |      0 |    295 |    250 |   1 |  774.0 |
               +--------+--------+--------+--------+--------+-----+--------+

Top non-repeatable levels by time:
     D:1: 774 daAuts

Table legend:
 A = Kills in this place as a percentage of kills in entire the game.
 B = Kills by you in this place as a percentage of kills by you in the entire game.
 C = Kills by friends in this place as a percentage of kills by friends in the entire game.
 D = Other kills in this place as a percentage of other kills in the entire game.
 E = Experience gained in this place as a percentage of experience gained in the entire game.
 F = Experience gained in this place divided by the number of levels of this place that you have seen.
                   A       B       C       D       E      F
               +-------+-------+-------+-------+-------+----------------------
         Total | 100.0 | 100.0 |   N/A |   N/A | 100.0 |  15.0
       Dungeon | 100.0 | 100.0 |   N/A |   N/A | 100.0 |  15.0
               +-------+-------+-------+-------+-------+----------------------

Action                   || total
-------------------------++-------
Melee: Quarterstaff      ||    18
       Constrict         ||     6
       Tentacles         ||     3
 Stab: Sleeping          ||     2
Armor: Skin              ||     1
Dodge: Dodged            ||     7

Vanquished Creatures
  A dart slug (D:1)
  A ball python (D:1)
  An endoplasm (D:1)
  2 hobgoblins (D:1)
  A kobold (D:1)
  2 rats (D:1)
8 creatures vanquished.
